 Dungeon Crawl Stone Soup version 0.29.1-4-g47bece8355 (webtiles) character file.

Game seed: 9356039246172769631

521 fishmans the Conjurer (level 7, 50/50 HPs)
             Began as a Grey Draconian Air Elementalist on Dec 3, 2022.
             Quit the game on level 4 of the Dungeon.
             The game lasted 00:29:03 (5665 turns).

fishmans the Conjurer (DrAE)                        Turns: 5665, Time: 00:29:04

Health: 50/50      AC: 11    Str: 10    XL:     7   Next: 1%
Magic:  13/13      EV: 27    Int: 17    God:
Gold:   211        SH:  0    Dex: 18    Spells: 10/14 levels left

rFire   . . .      SeeInvis .   o - staff of conjuration
rCold   . . .      Faith    .   (no shield)
rNeg    . . .      Spirit   .   (body armour unavailable)
rPois   .          Reflect  .   (helmet restricted)
rElec   .          Harm     .   (no cloak)
rCorr   .          Rampage  .   (no gloves)
Will    .....                   (no boots)
Stlth   +++.......              i - amulet of the acrobat
HPRegen 0.16/turn               e - +6 ring of dexterity
MPRegen 0.13/turn               (no ring)

@: acrobatic
A: AC +11, amphibious, unfitting armour, cold-blooded
a: no special abilities


You were on level 4 of the Dungeon.
You visited 1 branch of the dungeon, and saw 4 of its levels.

You collected 211 gold pieces.

Inventory:

Hand Weapons
 f - a +0 dagger
 j - a +0 spear
 p - a +4 mace
Missiles
 d - 46 stones (quivered)
 n - 3 boomerangs
Magical Staves
 o - a staff of conjuration (weapon)
Jewellery
 e - a +6 ring of dexterity (left hand)
 i - an amulet of the acrobat (around neck)
Scrolls
 b - 6 scrolls of identify
 k - 2 scrolls of fear
 m - a scroll of summoning
 q - a scroll of blinking {unknown}
Potions
 a - a potion of magic
 c - 3 potions of haste
 g - 3 potions of curing
 h - 4 potions of might
 l - a potion of heal wounds {unknown}


   Skills:
 - Level 1.9 Dodging
 + Level 4.0 Stealth
 + Level 4.4 Spellcasting
 + Level 4.4 Conjurations
 - Level 2.4 Air Magic


You had 10 spell levels left.
You knew the following spells:

 Your Spells              Type           Power      Damage    Failure   Level
a - Shock                 Conj/Air       92%        1d8       3%          1
b - Swiftness             Air            12%        N/A       16%         3

Your spell library contained the following spells:

 Spells                   Type           Power      Damage    Failure   Level
 Static Discharge         Conj/Air       23%        3-6/arc   5%          2
 Foxfire                  Conj/Fire      64%        2x1d7     6%          1
 Conjure Flame            Conj/Fire      16%        6-21      19%         3
 Inner Flame              Hex/Fire       3%         N/A       41%         3
 Airstrike                Air            6%         2d(1-17)  47%         4
 Flame Wave               Conj/Fire      16%        2d7       52%         4
 Cause Fear               Hex            1%         N/A       83%         4
 Discord                  Hex            1%         N/A       100%        8


Dungeon Overview and Level Annotations

Branches:
Dungeon (4/15)             Temple (0/1) D:4

Altars:
Dithmenos

Shops:
D:1 *


Innate Abilities, Weirdness & Mutations

Your dull iron-grey scales are very hard. (AC +11)
You are amphibious.
You cannot fit into any form of body armour.
You are cold-blooded and may be slowed by cold attacks.


Message History

You feel a surge of power!
The zap hits the wight!
The wight is heavily damaged.
Casting: Shock (safe; 3% risk of failure)
Confirm with . or Enter, or press ? or * to list all spells.
Aiming: Shock (safe; 3% risk of failure)
Press: ? - help, Shift-Dir - straight line, f/p - wight
Aim: a wight, wielding a +0 battleaxe and wearing a +0 plate armour (heavily damaged, 84% to hit)
You feel a surge of power!
The zap hits the wight but does no damage.
The wight is heavily damaged.
Casting: Shock (safe; 3% risk of failure)
Confirm with . or Enter, or press ? or * to list all spells.
Aiming: Shock (safe; 3% risk of failure)
Press: ? - help, Shift-Dir - straight line, f/p - wight
Aim: a wight, wielding a +0 battleaxe and wearing a +0 plate armour (heavily damaged, 84% to hit)
You feel a surge of power!
The zap hits the wight.
The wight is severely damaged.
The wight barely misses you.
Casting: Shock (safe; 3% risk of failure)
Confirm with . or Enter, or press ? or * to list all spells.
Aiming: Shock (safe; 3% risk of failure)
Press: ? - help, Shift-Dir - straight line, f/p - wight
Aim: a wight, wielding a +0 battleaxe and wearing a +0 plate armour (severely damaged, 84% to hit)
You feel a surge of power!
The zap hits the wight.
You destroy the wight!
Your Stealth skill increases to level 4!
You have reached level 7!
Your scales start taking on a dull iron-grey colour.
You learn Air Magic much slower.
Your Air Magic skill decreases to level 2!
You learn Earth Magic much quicker.
You start resting.
Magic restored.
Okay, then.
Things that are here:
a +0 battleaxe; a +0 plate armour
Things that are here:
a +0 robe; a +2 falchion Unknown command.
Are you sure you want to abandon this character and quit the game? (Confirm with "yes".)

#. .# ##.#
#######z.#
.........#
.......[.# #....#
###..##
#..@#########
##...[.......##
#.........)...#
#....########..##
......## ##..#
......# #..#
###### #..# #..#
#..# ##


You could see a wight (wandering).

Vanquished Creatures
  Menkaure (D:4)
  3 wights (D:4)
  A jelly (D:4)
  An iguana (D:4)
  8 gnolls
  3 adders
  An ufetubus (D:4)
  A dart slug (D:4)
  5 ball pythons
  4 bats
  8 endoplasms
  6 giant cockroaches
  7 goblins
  7 hobgoblins
  7 jackals
  2 quokkas
  2 frilled lizards (D:2)
  8 kobolds
  8 rats
83 creatures vanquished.

Vanquished Creatures (others)
  A plant (D:1)
1 creature vanquished.

Grand Total: 84 creatures vanquished

Notes
Turn   | Place    | Note
-------+----------+-------------------------------------------
     0 | D:1      | fishmans the Draconian Air Elementalist began the quest for
                  | the Orb.
     0 | D:1      | Reached XP level 1. HP: 14/14 MP: 3/3
   357 | D:1      | Reached XP level 2. HP: 18/20 MP: 1/5
   779 | D:1      | Found Biuxomav's Assorted Antiques.
  1291 | D:1      | Reached XP level 3. HP: 26/26 MP: 4/6
  2626 | D:2      | Found a faded altar of an unknown god.
  2762 | D:2      | Learned a level 3 spell: Swiftness
  2918 | D:3      | Reached XP level 4. HP: 33/33 MP: 5/8
  3188 | D:3      | Found a shadowy altar of Dithmenos.
  3935 | D:3      | Reached XP level 5. HP: 38/38 MP: 5/10
  4789 | D:4      | Reached XP level 6. HP: 45/45 MP: 5/11
  4909 | D:4      | Found a staircase to the Ecumenical Temple.
  4916 | D:4      | Noticed Menkaure
  4923 | D:4      | Killed Menkaure
  5612 | D:4      | Your scales start taking on a dull iron-grey colour.
  5612 | D:4      | Reached XP level 7. HP: 50/50 MP: 7/13
  5665 | D:4      | Quit the game

Illustrated notes

Levels and vault maps discovered:
D:1:      lightli_arrival_quake, layout_loops_ring, serial_shops,
          nicolae_shop_overgrown_old_shop, minmay_split_cup_large
D:2:      layout_loops_ring, dreamdust_ecumenical_altar_hidden_monk_grotto,
          minmay_tromino_v7
D:3:      layout_loops_ring, grunt_dithmenos_smoke_and_mirrors,
          corexii_leaking_fountain
D:4:      layout_layer_cave, minmay_temple_entry_steel_oval, uniq_menkaure

Skill      XL: |  1  2  3  4  5  6 |
---------------+-------------------+-----
Conjurations   | 2 3 4 |  4.4
Spellcasting   | 3 4 |  4.4
Stealth        | 2 3 4 |  4.0
Air Magic      | 2 |  2.4
Dodging        | |  1.9

Action                   |  1- 3 |  4- 6 |  7- 9 || total
-------------------------+-------+-------+-------++-------
Melee: Dagger            |     7 |       |       ||     7
       Tailslap          |     2 |       |       ||     2
       Unarmed           |     1 |       |       ||     1
       Spear             |    16 |     1 |       ||    17
 Cast: Shock             |    93 |    99 |       ||   192
       Swiftness         |       |     4 |       ||     4
  Use: Scroll            |     7 |     1 |       ||     8
Armor: Skin              |    27 |     3 |       ||    30
Dodge: Dodged            |    40 |     8 |       ||    48
